 Dungeon Crawl Stone Soup version 0.21-a0-440-g28109cb (webtiles) character file.

431 sagitran the Sneak (level 7, 0/32 HPs)
             Began as a Vine Stalker Enchanter on Nov 11, 2017.
             Slain by an ice beast (7 damage)
             ... on level 4 of the Dungeon.
             The game lasted 00:20:13 (3539 turns).

sagitran the Sneak (Vine Stalker Enchanter)         Turns: 3539, Time: 00:20:15

Health: 0/32       AC:  2    Str: 10    XL:     7   Next: 0%
Magic:  0/11       EV: 13    Int: 15    God:
Gold:   274        SH:  0    Dex: 17    Spells: 3/10 levels left

rFire    . . .     SeeInvis .   a - +1 dagger
rCold    . . .     Gourm    .   (no shield)
rNeg     . . .     Faith    .   b - +0 robe
rPois    .         Spirit   +   (no helmet)
rElec    .         Reflect  .   (no cloak)
rCorr    +         Harm     .   (no gloves)
MR       +....                  (no boots)
Stlth    ++++......             (no amulet)
HPRegen  0.50/turn              t - ring of resist corrosion
MPRegen  0.12/turn              A - ring of protection from magic

@: no status effects
A: fangs 2, regeneration 1, magic shield, antimagic bite, no potion heal 3, rot
immunity
a: no special abilities


You were on level 4 of the Dungeon.
You were not hungry.

You visited 1 branch of the dungeon, and saw 5 of its levels.

You collected 274 gold pieces.

Inventory:

Hand Weapons
 a - a +1 dagger (weapon)
 C - a +2 falchion of venom
Missiles
 z - 2 tomahawks (quivered)
Armour
 b - a +0 robe (worn)
 B - a +0 ring mail
Jewellery
 t - a ring of resist corrosion (left hand)
 A - a ring of protection from magic (right hand)
Wands
 o - a wand of polymorph (11/24)
Scrolls
 e - a scroll of recharging {unknown}
 j - a scroll of immolation {unknown}
 k - a scroll of blinking
 m - a scroll of random uselessness {unknown}
 n - a scroll of identify
 p - a scroll of magic mapping {unknown}
 q - a scroll of noise {unknown}
 r - 3 scrolls of fear
 s - 3 scrolls of remove curse
 u - a scroll of enchant armour {unknown}
 w - 2 scrolls of teleportation
Potions
 h - 2 potions of agility
 v - a potion of haste
 x - a potion of flight
 D - a potion of curing
Books
 c - a book of Maledictions

   Spells                             Type                      Level
   a - Corona                         Hexes                        1
   b - Ensorcelled Hibernation        Hexes/Ice                    2
   c - Confuse                        Hexes                        3
   d - Tukima's Dance                 Hexes                        3
   e - Dazzling Spray                 Conjuration/Hexes            3
 y - a book of Cantrips

   Spells                             Type                      Level
   a - Confusing Touch                Hexes                        1
   b - Animate Skeleton               Necromancy                   1
   c - Summon Small Mammal            Summoning                    1
   d - Apportation                    Translocation                1
Comestibles
 d - 4 bread rations
 f - 2 meat rations
 g - 3 chunks of flesh
 i - 2 royal jellies
 l - 2 fruits


   Skills:
 + Level 0.9 Fighting
 + Level 3.8 Short Blades
 + Level 2.5 Dodging
 + Level 6.6 Stealth
 + Level 2.3 Spellcasting
 + Level 3.5 Hexes


You had 3 spell levels left.
You knew the following spells:

 Your Spells              Type           Power        Failure   Level  Hunger
a - Corona                Hex            ##.....      4%          1    #......
b - Confuse               Hex            ##......     14%         3    ###....
c - Dazzling Spray        Conj/Hex       #.....       30%         3    ###....


Dungeon Overview and Level Annotations

Branches:
Dungeon (5/15)
 Temple: D:4-7

Altars:
Ashenzari
Dithmenos
Okawaru
Trog
Xom
Yredelemnul
The Shining One

Annotations:
D:5 Scuka's ghost, amateur DESu


Innate Abilities, Weirdness & Mutations

You have extremely sharp teeth.
Your natural rate of healing is unusually fast.
When hurt, damage is shared between your health and your magic reserves.
Your bite disrupts and absorbs the magic of your enemies.
Potions cannot restore your health.
You are immune to rotting.


Message History

You hit the ice beast but do no damage. Your bite misses the ice beast.
The ice beast is severely wounded.
The ice beast closely misses you.
You barely miss the ice beast.
The ice beast is severely wounded.
The ice beast hits you.
* * * LOW HITPOINT WARNING * * *
The ice beast freezes you.
* * * LOW HITPOINT WARNING * * *
Okay, then.
You hit the ice beast but do no damage. You bite the ice beast.
You drain its power.
You feel invigorated.
The ice beast is severely wounded.
You hit the ice beast. You bite the ice beast. You drain its power.
You feel invigorated.
The ice beast is almost dead.
The ice beast hits you.
* * * LOW HITPOINT WARNING * * *
The ice beast freezes you!
You die...

..#....#....)....>...............
..#....#.........................
..#....#.........................
..#....#........<................
..####'#.........................
..........#####'##########'##....
..........#.................#....
..........#.................#....
..........#.....@...........#....
..........##....Y.###..######....
####.......#......###..##......##
#.......#............#......#.
#.......#............#......#.
#.......#............#......#.
#.......#............#......'.
#.......#............#......#<
#.......#............#......#.


You could see an ice beast.

Vanquished Creatures
  2 howler monkeys (D:4)
  A jelly (D:5)
  2 orc wizards (D:4)
  2 iguanas
  Jessica (D:2)
  3 worker ants
  2 adders
  An ooze (D:1)
  3 worms
  2 leopard geckos
  16 orcs
  6 bats
  4 giant cockroaches
  6 goblins
  8 hobgoblins
  A quokka (D:4)
  A ball python (D:4)
  9 frilled lizards
  5 kobolds
  5 rats
80 creatures vanquished.

Notes
Turn   | Place    | Note
-------+----------+-------------------------------------------
     0 | D:1      | sagitran the Vine Stalker Enchanter began the quest for the Orb.
     0 | D:1      | Reached XP level 1. HP: 9/9 MP: 4/4
   369 | D:1      | Reached XP level 2. HP: 5/13 MP: 3/6
   536 | D:1      | Reached skill level 4 in Stealth
   715 | D:1      | Reached XP level 3. HP: 10/16 MP: 7/7
   855 | D:2      | Noticed Jessica
  1122 | D:2      | Killed Jessica
  1122 | D:2      | Reached skill level 1 in Short Blades
  1122 | D:2      | Gained mutation: Your natural rate of healing is unusually fast. [Vine Stalker growth]
  1122 | D:2      | Reached XP level 4. HP: 21/21 MP: 8/8
  1163 | D:2      | Reached skill level 5 in Stealth
  1847 | D:3      | Learned a level 3 spell: Confuse
  1851 | D:3      | Learned a level 3 spell: Dazzling Spray
  1874 | D:4      | Found a basalt altar of Yredelemnul.
  1874 | D:4      | Found a bloodstained altar of Trog.
  1874 | D:4      | Found a shattered altar of Ashenzari.
  1874 | D:4      | Found a glowing golden altar of the Shining One.
  1874 | D:4      | Found a shimmering altar of Xom.
  1874 | D:4      | Found an iron altar of Okawaru.
  2228 | D:4      | Found a shadowy altar of Dithmenos.
  2306 | D:4      | Reached XP level 5. HP: 15/25 MP: 6/9
  2490 | D:4      | Reached XP level 6. HP: 29/29 MP: 10/10
  2758 | D:4      | HP: 1/29 [iguana (7)]
  2875 | D:4      | Reached skill level 6 in Stealth
  3000 | D:5      | Entered Level 5 of the Dungeon
  3446 | D:5      | Reached XP level 7. HP: 20/32 MP: 11/11
  3480 | D:5      | Noticed Scuka's ghost (amateur DESu)
  3524 | D:4      | HP: 1/32 [ice beast (4)]
  3539 | D:4      | Slain by an ice beast

Vault maps used:
D:1:      evilmike_arrival_rings
D:2:      uniq_jessica
D:3:      first_bread
D:4:      grunt_temple_overflow_open, grunt_dithmenos_smoke_and_mirrors

Skill      XL: |  1  2  3  4  5  6 |
---------------+-------------------+-----
Stealth        | 4 5 6 |  6.6
Short Blades   | 1 2 3 |  3.8
Dodging        | 2 |  2.5
Fighting       | |  0.9
Spellcasting   | |  2.3
Hexes          | |  3.5

Action                   |  1- 3 |  4- 6 |  7- 9 || total
-------------------------+-------+-------+-------++-------
Melee: Dagger            |    83 |   265 |    17 ||   365
       Bite              |    16 |    68 |     8 ||    92
Throw: Tomahawk          |       |     7 |     1 ||     8
 Cast: Corona            |     2 |       |       ||     2
       Confuse           |       |     1 |     1 ||     2
       Dazzling Spray    |       |     1 |       ||     1
  Use: Scroll            |       |    11 |       ||    11
 Stab: Sleeping          |    10 |     7 |       ||    17
       Invisible         |       |     1 |       ||     1
  Eat: Chunk             |     1 |     8 |       ||     9
Armor: Robe              |     9 |    18 |     1 ||    28
Dodge: Dodged            |    48 |   154 |    11 ||   213

Table legend:
 A = Spawn XP
 B = Non-spawn XP
 C = Spawn XP percentage of total XP
 D = Spawn monster count
 E = Non-spawn monster count
 F = Spawn count percentage of total count
 G = Total turns spent on level
                    A         B        C        D         E        F      G
               +---------+---------+-------+---------+---------+-------+---------
         Total |       0 |     617 |   0.0 |       0 |      80 |   0.0 |  3539
               +---------+---------+-------+---------+---------+-------+---------
           D:1 |       0 |      36 |   0.0 |       0 |      21 |   0.0 |   854
           D:2 |       0 |      69 |   0.0 |       0 |      13 |   0.0 |   534
           D:3 |       0 |      51 |   0.0 |       0 |      17 |   0.0 |   536
           D:4 |       0 |     306 |   0.0 |       0 |      21 |   0.0 |  1115
           D:5 |       0 |     155 |   0.0 |       0 |       8 |   0.0 |   500
               +---------+---------+-------+---------+---------+-------+---------
